 Dungeon Crawl Stone Soup version 0.12.2-14-g7c90c79 (webtiles) character file.

286 MarVin the Shield-Bearer (level 5, -1/42 HPs)
             Began as a Demonspawn Fighter on Aug 5, 2013.
             Slain by Grinder (3 damage)
             ... while paralysed by Grinder
             ... on Level 3 of the Dungeon.
             The game lasted 00:11:37 (3610 turns).

MarVin the Shield-Bearer (Demonspawn Fighter)       Turns: 3610, Time: 00:11:37

HP  -1/42        AC  9     Str 18      XL: 5   Next: 17%
MP   4/4         EV  2     Int  9      God:
Gold 126         SH  0     Dex 12      Spells:  0 memorised,  4 levels left

Res.Fire  : . . .   See Invis. : +   a - +0 hand axe {=f}
Res.Cold  : + . .   Warding    : .   e - +2 chain mail {rPois}
Life Prot.: . . .   Conserve   : .   c - +0 shield
Res.Poison: +       Res.Corr.  : .   (no helmet)
Res.Elec. : .       Clarity    : .   (no cloak)
Sust.Abil.: . .     Spirit.Shd : .   (no gloves)
Res.Mut.  : .       Stasis     : .   (no boots)
Res.Rott. : .       Ctrl.Telep.: .   (no amulet)
Saprovore : . . .   Flight     : .   u - ring of poison resistance
                                     f - ring of see invisible

@: paralysed, slightly resistant to hostile enchantments, extremely unstealthy
A: cold resistance 1
a: no special abilities


You were on level 3 of the Dungeon.
You were not hungry.

You visited 1 branch of the dungeon, and saw 3 of its levels.

You collected 106 gold pieces.

Inventory:

Hand weapons
 a - a +0,+0 hand axe (weapon) {=f}
 x - a -1,+2 orcish hand axe (quivered)
 F - a -2,+0 war axe
 I - a +0 orcish blowgun
Missiles
 z - 26 poisoned needles
Armour
 b - a +0 scale mail
 c - a +0 shield (worn)
 e - a +2 chain mail of poison resistance (worn)
 y - a +0 orcish scale mail
Magical devices
 o - a wand of polymorph (11) {unknown}
Comestibles
 d - 7 bread rations
 j - a meat ration
 m - an apple
 C - a rotting chunk of orc flesh
 G - a choko
 H - a chunk of worker ant flesh
Scrolls
 h - 3 scrolls of teleportation
 k - a scroll of identify
 l - a scroll of recharging {unknown}
 n - a scroll of fear {unknown}
 q - 2 scrolls of remove curse
 r - 2 scrolls of amnesia {unknown}
 s - a scroll of curse jewellery {unknown}
 t - a scroll of magic mapping {unknown}
 v - a scroll of random uselessness {unknown}
 D - a scroll of fog {unknown}
Jewellery
 f - a ring of see invisible (left hand)
 u - a ring of poison resistance (right hand)
Potions
 g - 2 potions of curing
 i - a potion of brilliance
 p - a potion of speed
 A - a potion of restore abilities {unknown}
 B - a potion of berserk rage {unknown}
 E - a potion of invisibility {unknown}
Magical staves
 w - an uncursed staff of earth {unknown}


   Skills:
 - Level 3.2 Fighting
 * Level 3.3 Axes
 + Level 3.1 Armour
 - Level 0.1 Dodging
 - Level 4.0 Shields


You had 4 spell levels left.
You didn't know any spells.

Dungeon Overview and Level Annotations

Branches:
Dungeon (3/27)

Altars:

Annotations
D:3 Grinder


Innate Abilities, Weirdness & Mutations

Your flesh is cold resistant.


Message History

* * * LOW HITPOINT WARNING * * *
Grinder gestures at you. Pain shoots through your body!
* * * LOW HITPOINT WARNING * * *
There is an open door here.
Grinder gestures at you.
You suddenly lose the ability to move!
You can move again.
Grinder gestures at you.
You suddenly lose the ability to move!
You can move again.
Grinder gestures.
Grinder blinks!
Grinder gestures at you. Pain shoots through your body!
* * * LOW HITPOINT WARNING * * *
Grinder gestures at you.
You suddenly lose the ability to move!
Grinder hits you.
You die...

.###.# (....# ######.# ########
.......# #......#
###########......#####.# #
.#........'......'?....# #
.#.########.)....###### #
.#.###................###########
>...............@5K..............
.#.###.........########.#######..
.#.# #########.# #.....K5'.. .#.#
#.# #########.. .#.# #^# #.# .#.#
#%# ###'# .#.###########.# #....
.#.............# #....
.#####....###..# #....


You could see Grinder and a kobold.

Vanquished Creatures
  A worker ant (D:3)
  6 adders
  A worm (D:2)
  A giant gecko (D:3)
  An ooze (D:2)
  7 orcs (D:3)
  2 ball pythons (D:3)
  3 giant cockroaches
  8 hobgoblins
  4 bats
  10 goblins
  5 jackals
  8 kobolds
  2 quokkas (D:2)
  10 rats
69 creatures vanquished.

Notes
Turn   | Place    | Note
--------------------------------------------------------------
     0 | D:1      | MarVin, the Demonspawn Fighter, began the quest for the Orb.
     0 | D:1      | Reached XP level 1. HP: 18/18 MP: 0/0
   503 | D:1      | Gained mutation: Your flesh is cold resistant. [demonic ancestry]
   503 | D:1      | Reached XP level 2. HP: 17/24 MP: 1/1
  1285 | D:2      | Reached XP level 3. HP: 11/30 MP: 2/2
  2034 | D:2      | Reached XP level 4. HP: 32/36 MP: 3/3
  2732 | D:3      | Noticed Grinder
  2756 | D:3      | HP: 1/36 [Grinder (6)]
  3313 | D:3      | Reached skill level 4 in Shields
  3399 | D:3      | Reached XP level 5. HP: 22/42 MP: 4/4
  3566 | D:3      | Paralysed by Grinder for 7 turns
  3589 | D:3      | Paralysed by Grinder for 2 turns
  3593 | D:3      | Paralysed by Grinder for 3 turns
  3604 | D:3      | HP: 1/42 [Grinder/nerve-wracking pain (6)]
  3607 | D:3      | Paralysed by Grinder for 4 turns
  3610 | D:3      | Slain by Grinder

Action                   |  1- 3 |  4- 6 || total
-------------------------+-------+-------++-------
Melee: Hand axe          |   184 |   198 ||   382
  Use: Potion            |     1 |     1 ||     2
       Scroll            |       |     6 ||     6
